 Dungeon Crawl Stone Soup version 0.18-a0-1535-g243bd92 (webtiles) character file.

90 Etesian the Covered (level 4, -3/29 HPs)
             Began as a Gargoyle Fighter on Mar 9, 2016.
             Killed from afar by an orc wizard (5 damage)
             ... with a magic dart
             ... on level 3 of the Dungeon.
             The game lasted 00:03:46 (1364 turns).

Etesian the Covered (Gargoyle Fighter)              Turns: 1364, Time: 00:03:46

Health: -3/29      AC: 10    Str: 21    XL:     4   Next: 56%
Magic:  4/4        EV:  7    Int:  8    God:
Gold:   81         SH: 10    Dex:  9    Spells: 0 memorised, 3 levels left

rFire  . . .     SeeInvis .     h - +0 mace (crush)
rCold  . . .     Gourm    .     b - +0 scale mail
rNeg   + . .     Faith    .     c - +1 shield
rPois  ∞         Spirit   .     (no helmet)
rElec  +         Dismiss  .     (no cloak)
rCorr  .         Reflect  .     (no gloves)
SustAt .         Harm     .     (no boots)
MR     .....                    e - amulet of regeneration
Stlth  ..........               (no ring)
                                (no ring)

@: very slightly contaminated, hasted, very quick, not resistant to hostile
enchantments, extremely unstealthy
A: negative energy resistance 1, electricity resistance, unbreathing,
petrification resistance, rot immunity, AC +3
a: no special abilities


You were on level 3 of the Dungeon.
You were not hungry.

You visited 1 branch of the dungeon, and saw 3 of its levels.

You collected 81 gold pieces.

Inventory:

Hand Weapons
 h - a +0 mace of crushing (weapon)
Armour
 b - a +0 scale mail (worn)
 c - a +1 shield (worn)
Jewellery
 e - an amulet of regeneration (around neck)
Wands
 q - a wand of iceblast (11/15)
Scrolls
 j - a scroll of teleportation
 k - 3 scrolls of remove curse
 o - a scroll of amnesia
 p - a scroll of enchant weapon {unknown}
Potions
 a - a potion of curing {unknown}
 d - 2 potions of might
 i - a potion of brilliance
 m - a potion of mutation {unknown}
 n - a potion of lignification {unknown}
Comestibles
 f - 3 bread rations
 g - 3 chunks of flesh


   Skills:
 + Level 4.0 Fighting
 * Level 3.1 Maces & Flails
 + Level 4.0 Armour
 + Level 3.7 Shields


You had 3 spell levels left.
You didn't know any spells.

Dungeon Overview and Level Annotations

Branches:
Dungeon (3/15)

Altars:
Ashenzari
Okawaru


Innate Abilities, Weirdness & Mutations

You are resistant to torment.
Your stone body is resilient (AC +3).
You are immune to poison.
You resist negative energy.
You are resistant to electric shocks.
You can survive without breathing.
You are immune to petrification.
You are immune to rotting.


Message History

Your Armour skill increases to level 4!
The orc wizard hits you but does no damage.
You block the orc's attack. The orc closely misses you.
The orc wizard points at you and mumbles some strange words.
The magic dart hits you!
* * * LOW HITPOINT WARNING * * *
You block the orc's attack. You block the orc's attack.
The orc wizard points at you and mumbles some strange words.
The magic dart hits you!
* * * LOW HITPOINT WARNING * * *
Drink which item? (? for menu, Esc to quit)
It was a potion of haste.
You feel yourself speed up. You block the orc wizard's attack.
The orc closely misses you.
You are very lightly contaminated with residual magic.
You hit the orc wizard.
The orc wizard is heavily wounded.
The orc wizard casts a spell at you. The magic dart hits you!
You die...

..###.#.###.#...### ..#
#..## ##....###...# ..#
#.#.###..#........#
.....##..#.#.##.###...#
###.##..........# ...#
#.###.####.#### ...# #
# #.# #.# ...# #.#
#.######)..#### #.#
#....@og)...... #.#
#....oo........
#.####..............
#.....#######...####
#.....# ...# #####
#<....# .#.# ....#
#.....# ...# ###.#
#.....# ...#
###>#####.###


You could see an orc wizard, 2 orcs and a goblin.

Vanquished Creatures
  An orc priest (D:3)
  An adder (D:2)
  A worm (D:2)
  4 dart slugs
  An orc (D:3)
  2 ball pythons
  5 bats
  2 giant cockroaches (D:1)
  3 goblins (D:1)
  4 hobgoblins
  11 kobolds
  7 rats
42 creatures vanquished.

Notes
Turn   | Place    | Note
--------------------------------------------------------------
     0 | D:1      | Etesian the Gargoyle Fighter began the quest for the Orb.
     0 | D:1      | Reached XP level 1. HP: 14/14 MP: 1/1
    91 | D:1      | Reached XP level 2. HP: 19/19 MP: 2/2
   295 | D:1      | Reached XP level 3. HP: 23/23 MP: 3/3
   555 | D:2      | Found an iron altar of Okawaru.
   593 | D:2      | Found a shattered altar of Ashenzari.
  1127 | D:2      | Reached XP level 4. HP: 29/29 MP: 4/4
  1361 | D:3      | HP: 1/29 [orc wizard/magic dart (5)]
  1364 | D:3      | Killed from afar by an orc wizard

Vault maps used:
D:1:      dpeg_arrival_windows_large_door, serial_bayou_pond_a,
          kennysheep_flooded_box, hangedman_abyss_or_decor_stabs,
          grunt_decor_arrowhead, hangedman_decor_opposing
D:2:      evilmike_ruin_ashenzari, okawaru_ov_weapons_minmay
D:3:      lemuel_coloured_pillars_altar, grunt_ministairs_9

Skill      XL: |  1  2  3  4 |
---------------+-------------+-----
Fighting       | 4 |  4.0
Maces & Flails | 3 |  3.1
Armour         | 4 |  4.0
Shields        | |  3.7

Action                   |  1- 3 |  4- 6 || total
-------------------------+-------+-------++-------
Melee: Flail             |    81 |       ||    81
       Mace              |    61 |    13 ||    74
  Use: Scroll            |     5 |     4 ||     9
       Potion            |       |     1 ||     1
  Eat: Chunk             |     1 |     1 ||     2
